 Dungeon Crawl Stone Soup version 0.29-a0-422-gafbd6decc1 (webtiles) character file.

Game seed: 1814296049731722306

18739 hquester the Covert (level 12, -2/63 HPs)
             Began as a Spriggan Hunter on May 17, 2022.
             Killed from afar by a storm dragon (6 damage)
             ... with a bolt of lightning
             ... on level 12 of the Dungeon on May 18, 2022.
             The game lasted 01:28:18 (13600 turns).

hquester the Covert (Spriggan Hunter)              Turns: 13600, Time: 01:28:18

Health: -2/63      AC: 10    Str:  7    XL:     12   Next: 30%
Magic:  13/13      EV: 27    Int: 19    God:
Gold:   922        SH:  0    Dex: 21    Spells: 11/11 levels left

rFire   + . .      SeeInvis +   y - +9 rapier "Zeupnic" {flame, rPois rF+ rC+ Will+}
rCold   + . .      Faith    .   (no shield)
rNeg    . . .      Spirit   .   C - +0 steam dragon scales
rPois   +          Reflect  .   h - +1 hat
rElec   .          Harm     .   v - +2 cloak
rCorr   .          Rampage  .   (gloves unavailable)
Will    +++..                   (boots unavailable)
Stlth   ++++++....              z - amulet of the acrobat
HPRegen 0.20/turn               g - +6 ring of intelligence
MPRegen 0.13/turn               A - +4 ring of slaying

@: about to teleport, very quick
A: very small, no large weapons, unfitting armour, see invisible, speed 3
a: no special abilities


You were on level 12 of the Dungeon.
You visited 1 branch of the dungeon, and saw 12 of its levels.

You collected 922 gold pieces.

Inventory:

Hand Weapons
 a - a +3 shortbow
 q - the +10 arbalest "Xurhaci" {freeze, SInv}
   (You found it on level 6 of the Dungeon)

   Any ammunition fired from it freezes those it strikes, dealing additional
   cold damage.
   It can also slow down cold-blooded creatures.
   SInv:      It lets you see invisible.
 r - a +3 short sword of venom
 u - a +3 quarterstaff of chaos
 y - the +9 rapier "Zeupnic" (weapon) {flame, rPois rF+ rC+ Will+}
   (You found it on level 5 of the Dungeon)

   It burns those it strikes, dealing additional fire damage.
   rF:        It protects you from fire.
   rC:        It protects you from cold.
   rPois:     It protects you from poison.
   Will:      It increases your willpower.
 K - the +3 Elemental Staff {rElec rF++ rC++ AC+5}
   (You took it off a deep elf pyromancer on level 9 of the Dungeon)

   If the wielder is skilled in Evocations, they can discharge powerful blasts
   of elemental energy when striking with it.
   It enhances your fire, ice, earth and air magic.
   AC:        It affects your AC (+5).
   rF:        It greatly protects you from fire.
   rC:        It greatly protects you from cold.
   rElec:     It insulates you from electricity.
Armour
 h - a +1 hat (worn)
 t - a scarf of shadows
 v - a +2 cloak (worn)
 C - +0 steam dragon scales (worn)
Jewellery
 g - a +6 ring of intelligence (left hand)
 i - a ring of willpower
 p - a ring of poison resistance
 z - an amulet of the acrobat (around neck)
 A - a +4 ring of slaying (right hand)
 J - a ring of flight
 L - a +6 ring of strength
 O - a ring of fire
 P - an amulet of reflection
Wands
 d - a wand of flame (3)
 B - a wand of iceblast (10)
 D - a wand of polymorph (2)
Scrolls
 b - a scroll of brand weapon
 c - 3 scrolls of immolation
 e - 3 scrolls of amnesia
 j - 3 scrolls of vulnerability
 l - a scroll of noise
 m - 3 scrolls of enchant armour
 x - 4 scrolls of blinking
 F - 2 scrolls of fear
 G - 4 scrolls of identify
 H - 2 scrolls of magic mapping
Potions
 f - 3 potions of might
 k - a potion of berserk rage
 n - 2 potions of magic
 o - a potion of ambrosia
 s - 2 potions of flight
 w - 4 potions of curing
 E - a potion of attraction
 M - a potion of heal wounds
 N - a potion of mutation
 Q - a potion of lignification {unknown}
 R - a potion of invisibility {unknown}


   Skills:
 + Level 7.0 Fighting
 + Level 7.0 Short Blades
 + Level 10.7 Bows
 + Level 6.8 Crossbows
 + Level 4.3 Armour
 + Level 11.1 Dodging
 + Level 12.7 Stealth
 + Level 7.5 Evocations


You had 11 spell levels left.
You didn't know any spells.
Your spell library contained the following spells:

 Spells                   Type           Power      Damage    Failure   Level
 Slow                     Hex            0%         N/A       21%         1
 Summon Small Mammal      Summ           0%         N/A       21%         1
 Call Canine Familiar     Summ           0%         N/A       52%         3
 Confusing Touch          Hex            0%         N/A       52%         3
 Conjure Flame            Conj/Fire      0%         6-21      52%         3
 Ignite Poison            Fire/Tmut/Pois 0%         N/A       52%         3
 Summon Guardian Golem    Hex/Summ       0%         N/A       52%         3
 Vampiric Draining        Necr           0%         2d6       52%         3
 Hailstorm                Conj/Ice       0%         3d3       90%         4
 Ice Form                 Ice/Tmut       0%         N/A       90%         4
 Petrify                  Tmut/Erth      0%         N/A       90%         4
 Sticky Flame             Conj/Fire      0%         2d3       90%         4
 Metabolic Englaciation   Hex/Ice        0%         N/A       99%         5
 Simulacrum               Ice/Necr       0%         N/A       100%        6
 Statue Form              Tmut/Erth      0%         N/A       100%        6


Dungeon Overview and Level Annotations

Branches:
Dungeon (12/15)            Temple (0/1) D:5            Lair (0/6) D:8
    Orc (0/2) D:10

Altars:
Makhleb
Xom
Jiyva

Shops:
D:5 (**   D:8 :


Innate Abilities, Weirdness & Mutations

You are very small and have problems with some larger weapons.
You are too small for most types of armour.
You have supernaturally acute eyesight. (SInv)
You cover ground extremely quickly. (Speed+++)


Message History

The centaur warrior unwields a +0 shortbow.
The centaur warrior completely misses you. x2
You puncture the centaur warrior! You burn the centaur warrior.
The centaur warrior is lightly wounded.
The centaur warrior hits you but does no damage.
The centaur warrior completely misses you.
You puncture the centaur warrior! You burn the centaur warrior.
The centaur warrior is moderately wounded.
The centaur warrior hits you.
The centaur warrior completely misses you.
You hit the centaur warrior but do no damage.
The centaur warrior is moderately wounded.
The centaur warrior completely misses you.
The centaur warrior kicks you but does no damage.
You puncture the centaur warrior! You burn the centaur warrior.
The centaur warrior is severely wounded.
The centaur warrior hits you but does no damage.
The centaur warrior completely misses you.
The centaur warrior barely misses you. x2
You puncture the centaur warrior! You burn the centaur warrior.
The centaur warrior is almost dead.
The centaur warrior hits you.
The centaur warrior completely misses you.
You hit the centaur warrior. You burn the centaur warrior.
The centaur warrior is almost dead.
The centaur warrior completely misses you. x2
You puncture the centaur warrior! You burn the centaur warrior.
You kill the centaur warrior!
You see here a +0 shortbow.
You start resting.
A storm dragon comes into view.
Found an iron wand.
The storm dragon breathes lightning at you.
The bolt of lightning misses you. The bolt of lightning hits you!!
* * * LOW HITPOINT WARNING * * *
As you read the scroll of teleportation, it crumbles to dust.
You feel strangely unstable.
The storm dragon breathes lightning at you.
The bolt of lightning misses you. The bolt of lightning hits you.
You die...

.......# ### #++# ... #.....#
#.# #..# ./. #....+ ...
#.###..#####.# #....# ..
#........>.#.## #....#
.####..........#..# #....#
.#........<....#..# #....#
.#.........#####..# #D...#
.#.........#....@### #....#
.#'#########.....#)# #....#
.................D#....##....#
..................######....##
............................#
.######'####................#
.#...[.....#####............#
.#.............#............#
.#.............#............#


You could see a storm dragon (catching breath).

Vanquished Creatures
  Josephine (D:10)
  A boulder beetle (D:9)
  2 hydras (D:12)
  A centaur warrior (D:12)
  Nergalle (D:11)
  Pikel (D:3)
  A deep elf pyromancer (D:9)
  2 ugly things
  4 gargoyles
  An unseen horror (D:12)
  3 rime drakes (D:9)
  An ice devil (D:9)
  2 trolls
  Prince Ribbit (D:9)
  Grinder (D:4)
  A hornet (D:8)
  A slime creature (D:11)
  Sigmund (D:5)
  7 wraiths
  A shadow (D:12)
  9 yaks
  2 fire elementals (D:9)
  A wyvern (D:9)
  Eustachio (D:4)
  Grum (D:11)
  5 steam dragons
  A vampire mosquito (D:8)
  A warg (D:10)
  An acid dragon (D:11)
  2 water moccasins
  A black bear (D:5)
  An ice beast (D:6)
  6 orc warriors
  2 sky beasts
  An ogre (D:6)
  2 wolves (D:11)
  10 centaurs
  4 kobold brigands
  2 lemures (D:3)
  7 bullfrogs (D:8)
  A gnoll sergeant (D:5)
  2 necrophages
  A scorpion (D:6)
  10 wights
  6 killer bees
  2 howler monkeys
  4 electric eels (D:8)
  10 hounds
  7 jellies
  Crazy Yiuf (D:3)
  A gnoll shaman (D:8)
  5 orc priests
  2 iguanas (D:7)
  Terence (D:3)
  9 orc wizards
  Robin (D:3)
  3 gnolls (D:5)
  8 adders
  An ufetubus (D:5)
  A worm (D:2)
  7 dart slugs
  34 orcs
  10 ball pythons
  13 endoplasms
  9 giant cockroaches
  11 goblins
  13 hobgoblins
  2 jackals (D:3)
  A quokka (D:5)
  7 bats
  3 frilled lizards
  19 kobolds
  2 rats (D:1)
301 creatures vanquished.

Vanquished Creatures (others)
  A kobold (D:8)
  A withered plant (D:2)
2 creatures vanquished.

Grand Total: 303 creatures vanquished

Notes
Turn   | Place    | Note
-------+----------+-------------------------------------------
     0 | D:1      | hquester the Spriggan Hunter began the quest for the Orb.
     0 | D:1      | Reached XP level 1. HP: 10/10 MP: 2/2
    62 | D:1      | Reached skill level 2 in Stealth
   100 | D:1      | Reached skill level 5 in Bows
   100 | D:1      | Reached XP level 2. HP: 15/15 MP: 3/3
   610 | D:1      | Reached XP level 3. HP: 18/18 MP: 4/4
   920 | D:2      | Reached skill level 3 in Stealth
   941 | D:2      | Found a faded altar of an unknown god.
  1067 | D:2      | Reached XP level 4. HP: 17/23 MP: 5/5
  1191 | D:2      | Found a shimmering altar of Xom.
  1839 | D:3      | Noticed Terence
  1849 | D:3      | Killed Terence
  1931 | D:3      | Reached skill level 4 in Stealth
  1932 | D:3      | Noticed Robin
  1967 | D:3      | Killed Robin
  1968 | D:3      | Reached XP level 5. HP: 26/27 MP: 6/6
  2213 | D:3      | Found a runed translucent door.
  2214 | D:3      | Noticed Crazy Yiuf
  2444 | D:3      | Killed Crazy Yiuf
  2529 | D:4      | Noticed a lemure
  2529 | D:4      | Noticed a lemure
  2531 | D:4      | Noticed a lemure
  2532 | D:4      | Noticed a lemure
  2534 | D:4      | Noticed Pikel
  2585 | D:3      | Killed a lemure
  2639 | D:3      | Killed a lemure
  2766 | D:3      | Killed Pikel
  2767 | D:3      | Reached skill level 5 in Dodging
  2767 | D:3      | Reached skill level 6 in Stealth
  2767 | D:3      | Reached XP level 6. HP: 32/32 MP: 7/7
  2767 | D:3      | Reached XP level 7. HP: 36/36 MP: 8/8
  3004 | D:4      | Found a burning altar of Makhleb.
  3260 | D:4      | Noticed Grinder
  3287 | D:4      | Killed Grinder
  3288 | D:4      | Reached skill level 7 in Stealth
  3367 | D:4      | Reached XP level 8. HP: 42/42 MP: 9/9
  3482 | D:4      | Identified the +1 cloak of Wisdom {rC++}
  3621 | D:5      | Entered Level 5 of the Dungeon
  3621 | D:5      | Noticed Eustachio
  3672 | D:4      | Killed Eustachio
  3721 | D:5      | Identified the +9 rapier "Zeupnic" {flame, rPois rF+ rC+
                  | Will+}
  3786 | D:5      | Found Anesunull's Weapon Shop.
  3871 | D:5      | Found a staircase to the Ecumenical Temple.
  4055 | D:5      | Reached skill level 1 in Short Blades
  4055 | D:5      | Reached skill level 8 in Stealth
  4178 | D:5      | Noticed Sigmund
  4235 | D:5      | Found Vashruo's Specific Store.
  4236 | D:5      | Found Ecwourgh's General Store.
  4348 | D:5      | Killed Sigmund
  4870 | D:6      | Reached XP level 9. HP: 46/46 MP: 10/10
  4900 | D:6      | Reached skill level 5 in Fighting
  4900 | D:6      | Reached skill level 9 in Stealth
  4958 | D:6      | Identified the +10 arbalest "Xurhaci" {freeze, SInv}
  5353 | D:7      | Reached skill level 1 in Crossbows
  5353 | D:7      | Reached skill level 1 in Evocations
  5706 | D:7      | Reached skill level 1 in Armour
  6272 | D:8      | HP: 1/47 [orc warrior/+0 hand axe (8)]
  6587 | D:8      | Reached skill level 10 in Stealth
  6641 | D:8      | Noticed a gargoyle
  6844 | D:8      | Killed a gargoyle
  6845 | D:8      | Reached XP level 10. HP: 51/51 MP: 11/11
  7154 | D:8      | Found Joibbuon's Book Boutique.
  7181 | D:8      | Upgraded the game from 0.29-a0-418-gc0181ea820 to
                  | 0.29-a0-422-gafbd6decc1
  7239 | D:8      | Found a staircase to the Lair.
  8322 | D:9      | Noticed Prince Ribbit
  8329 | D:9      | Killed Prince Ribbit
  8330 | D:9      | Reached skill level 5 in Crossbows
  8350 | D:9      | Noticed a deep elf pyromancer
  8368 | D:9      | Killed a deep elf pyromancer
  8369 | D:9      | Reached skill level 5 in Short Blades
  8456 | D:9      | Reached skill level 11 in Stealth
  8456 | D:9      | Reached skill level 5 in Evocations
  8468 | D:9      | Noticed a boulder beetle
  8590 | D:9      | Noticed a gargoyle
  8592 | D:9      | Noticed a gargoyle
  9262 | D:9      | Reached XP level 11. HP: 44/56 MP: 12/12
  9561 | D:9      | Identified the +6 long sword "Jaor" {vamp, *Noise rElec
                  | rCorr Str+4}
 10035 | D:10     | Entered Level 10 of the Dungeon
 10505 | D:10     | Reached skill level 10 in Dodging
 10505 | D:10     | Noticed Josephine
 10622 | D:10     | Found a staircase to the Orcish Mines.
 10821 | D:10     | Killed Josephine
 10862 | D:10     | Reached skill level 10 in Bows
 11713 | D:9      | Killed a boulder beetle
 11895 | D:9      | Reached skill level 12 in Stealth
 11972 | D:9      | Noticed a white ugly thing
 11980 | D:9      | Killed a white ugly thing
 12321 | D:11     | Found a viscous altar of Jiyva.
 12766 | D:11     | Noticed Grum
 12769 | D:11     | Noticed Nergalle
 12788 | D:11     | Killed Grum
 12829 | D:11     | Killed Nergalle
 12830 | D:11     | Reached XP level 12. HP: 48/62 MP: 13/13
 13462 | D:12     | Noticed a four-headed hydra
 13469 | D:12     | Killed a four-headed hydra
 13520 | D:12     | Noticed a seven-headed hydra
 13550 | D:12     | Killed a seven-headed hydra
 13550 | D:12     | Noticed a centaur warrior
 13561 | D:12     | Killed a centaur warrior
 13597 | D:12     | Noticed a storm dragon
 13600 | D:12     | Killed from afar by a storm dragon

Illustrated notes

Levels and vault maps discovered:
D:1:      dpeg_arrival_simpleton_a, layout_loops_ring
D:2:      layout_loops_ring, basic_altar, shapermc_ecumenical_altar_flowoftime
D:3:      layout_loops_cross, nicolae_figureground_pulse,
          uniq_crazy_yiuf_cottage, uniq_terence, uniq_robin
D:4:      layout_loops_ring, makhleb_heckhound_becter, uniq_grinder, uniq_pikel
D:5:      layout_basic, temple_fountains, serial_shops,
          nicolae_shop_behind_doors, nicolae_specific_store, uniq_eustachio,
          uniq_sigmund
D:6:      layout_rooms
D:7:      layout_basic
D:8:      cheibrodos_fzero, layout_basic, erik_lair_island, serial_shops,
          nicolae_stop_n_shop_1
D:9:      layout_loops_ring, dilly_guarded_unrand_elemental_staff,
          uniq_prince_ribbit1
D:10:     layout_loops_ring, nicolae_overflow_hidden_temple, david_orc_1_choice,
          feat_on_display, uniq_josephine
D:11:     layout_cave_pods, jiyva_altar_1, uniq_nergalle, uniq_grum
D:12:     minmay_mutant_horseshoe, layout_irregular_city

Skill      XL: |  1  2  3  4  5  6  7  8  9 10 11 12 |
---------------+-------------------------------------+-----
Stealth        | 2 3 4 6 7 8 10 11 12 | 12.7
Bows           | 5 6 7 8 9 10 | 10.7
Dodging        | 3 4 5 6 7 8 9 10 11 | 11.1
Fighting       | 2 3 4 5 6 7 |  7.0
Short Blades   | 2 4 5 6 7 |  7.0
Crossbows      | 3 5 6 |  6.8
Evocations     | 3 5 7 |  7.5
Armour         | 2 3 4 |  4.3

Action                   |  1- 3 |  4- 6 |  7- 9 | 10-12 || total
-------------------------+-------+-------+-------+-------++-------
Melee: Rapier            |       |       |   122 |   336 ||   458
       Punch             |       |       |     3 |     5 ||     8
 Fire: Shortbow          |    92 |   151 |   142 |    50 ||   435
       Arbalest          |       |       |     3 |    75 ||    78
  Use: Scroll            |       |       |    16 |     9 ||    25
       Potion            |       |       |       |     1 ||     1
 Stab: Sleeping          |       |       |     9 |    18 ||    27
       Distracted        |       |       |       |     1 ||     1
Armor: Robe              |     2 |     2 |    13 |     4 ||    21
       Steam dragon scal |       |       |       |    26 ||    26
Dodge: Dodged            |    23 |    28 |   152 |   335 ||   538

Table legend: (Time is in decaauts)
 A = Elapsed time spent in this place.
 B = Non-inter-level travel time spent in this place.
 C = Inter-level travel time spent in this place.
 D = Time resting spent in this place.
 E = Time spent auto-exploring this place.
 F = Levels seen in this place.
 G = Mean time per level.
                   A        B        C        D        E       F      G
               +--------+--------+--------+--------+--------+-----+--------+
         Total |  10239 |   9978 |    261 |   2541 |   4448 |  12 |  853.2 |
       Dungeon |  10239 |   9978 |    261 |   2541 |   4448 |  12 |  853.2 |
               +--------+--------+--------+--------+--------+-----+--------+

Top non-repeatable levels by time:
     D:9: 2052 daAuts
     D:8: 1360 daAuts
    D:10: 1135 daAuts
     D:7: 998 daAuts
     D:3: 864 daAuts
    D:11: 852 daAuts
     D:4: 682 daAuts
     D:5: 628 daAuts
     D:2: 560 daAuts
     D:1: 499 daAuts
     D:6: 480 daAuts
    D:12: 126 daAuts
